 Dungeon Crawl Stone Soup version 0.26-a0-651-gb41185065b (webtiles) character file.

Game seed: 18018768647332657656

16239 kae the Grappler (level 12, -7/110 HPs)
             Began as a Naga Transmuter on Oct 28, 2020.
             Was a High Priest of Cheibriados.
             Mangled by a sixfirhy (12 damage)
             ... summoned by a kobold demonologist
             ... on level 12 of the Dungeon.
             The game lasted 00:18:32 (22143 turns).

kae the Grappler (Naga Transmuter)                 Turns: 22143, Time: 00:18:32

Health: -7/110     AC:  6    Str: 36    XL:     12   Next: 35%
Magic:  13/21      EV: 15    Int: 27    God:    Cheibriados [*****.]
Gold:   676        SH:  0    Dex: 28    Spells: 10/23 levels left

rFire    + . .     SeeInvis +     - Unarmed
rCold    . . .     Faith    .   (shield currently unavailable)
rNeg     + . .     Spirit   .   a - +1 robe
rPois    +         Reflect  .   (no helmet)
rElec    .         Harm     .   (no cloak)
rCorr    .         Rampage  .   (gloves currently unavailable)
MR       +++..                  (no barding)
Stlth    ++........             e - amulet of the acrobat
HPRegen  0.28/turn              i - +6 ring of strength
MPRegen  0.17/turn              s - ring of Foolhardiness {rF+ rN+ MR++ Dex+3}

@: blade hands, very slow
A: large, see invisible, deformed body, poison resistance, slowness 2, spit
poison 1, AC +4
a: Spit Poison, End Transformation, Bend Time, Temporal Distortion, Slouch, Step
From Time, Renounce Religion


You were on level 12 of the Dungeon.
You worshipped Cheibriados.
Cheibriados was extremely pleased with you.
You had blades for hands.
You visited 2 branches of the dungeon, and saw 14 of its levels.
You also visited: Sewer.

You collected 889 gold pieces.
You spent 213 gold pieces at shops.

Inventory:

Hand Weapons
 c - a +1 spear
 u - the +9 sword of Zonguldrok {reap}
   (You took it off a rakshasa on level 11 of the Dungeon)

   If a monster killed with it leaves a corpse in good enough shape, the corpse
   will be animated as a zombie friendly to the killer.
Armour
 a - a +1 robe (worn)
 w - the +1 robe of the Snake Pit {MR- Regen+ Int+2}
   (You took it off a rakshasa on level 11 of the Dungeon)

   It affects your intelligence (+2).
   It affects your resistance to hostile enchantments.
   It increases your rate of regeneration.
Jewellery
 b - an uncursed ring of magical power
 d - an uncursed amulet of regeneration
 e - an amulet of the acrobat (around neck)
 i - a +6 ring of strength (left scythe-like blade)
 m - a +6 ring of intelligence
 s - the ring of Foolhardiness (right scythe-like blade) {rF+ rN+ MR++ Dex+3}
   (You acquired it on level 10 of the Dungeon)

   [ring of positive energy]

   It affects your dexterity (+3).
   It protects you from fire.
   It protects you from negative energy.
   It affects your resistance to hostile enchantments.
Wands
 l - a wand of acid (15)
 v - a wand of digging (2)
Scrolls
 k - 5 scrolls of remove curse
 n - a scroll of enchant weapon
 q - 15 scrolls of identify
 r - a scroll of teleportation
 t - a scroll of enchant armour
Potions
 f - a potion of ambrosia
 g - 3 potions of mutation
 h - 2 potions of stabbing
 j - 3 potions of brilliance
 o - 3 potions of flight
 p - a potion of might
 x - a potion of berserk rage {unknown}


   Skills:
 - Level 8.0 Fighting
 + Level 5.3 Armour
 + Level 5.7 Dodging
 - Level 10.0 Unarmed Combat
 + Level 6.3 Spellcasting
 - Level 10.0 Transmutations
 - Level 5.0 Invocations


You had 10 spell levels left.
You knew the following spells:

 Your Spells              Type           Power        Failure   Level
a - Beastly Appendage     Tmut           ######       7%          1
b - Spider Form           Tmut/Pois      #####.....   22%         3
c - Blade Hands           Tmut           ######....   24%         5
d - Ice Form              Ice/Tmut       #####...     41%         4

Your spell library contained the following spells:

 Spells                   Type           Power        Failure   Level
 Wereblood                Tmut           ######..     8%          2
 Animate Skeleton         Necr           #.....       36%         1
 Pain                     Necr           #...         36%         1
 Vampiric Draining        Necr           #.........   61%         3
 Animate Dead             Necr           #.........   88%         4
 Agony                    Necr           #.......     99%         5


Dungeon Overview and Level Annotations

Branches:
Dungeon (13/15)            Temple (1/1) D:7            Lair (0/6) D:8
    Orc (0/2) D:11          Sewer (visited)
 Vaults: D:13-14

Altars:
Ashenzari
Cheibriados
Dithmenos
Elyvilon
Fedhas
Gozag
Hepliaklqana
Kikubaaqudgha
Makhleb
Nemelex Xobeh
Okawaru
Qazlal
Ru
Sif Muna
Trog
Uskayaw
Vehumet
Wu Jian
Xom
Yredelemnul
Zin
The Shining One
Jiyva

Shops:
D:6 [   D:7 ?   D:8 !**:?   D:11 (

Annotations:
D:3 3 runed translucent doors, Bliebski's ghost, amateur OpTm
D:11 exclusion: stone giant


Innate Abilities, Weirdness & Mutations

You cannot wear boots.
Your serpentine skin is tough. (AC +4)
You have supernaturally acute eyesight. (SInv)
Armour fits poorly on your strangely shaped body.
Your system is resistant to poisons. (rPois)
You cover ground very slowly.
You can spit poison.


Message History

The sixfirhy misses you. The sixfirhy barely misses you. The sixfirhy hits you!
The sixfirhy shocks you!
The kobold demonologist gestures wildly while chanting.
The quasit completely misses you. x2; The quasit misses you.
The sixfirhy hits you!
* * * LOW HITPOINT WARNING * * *
The sixfirhy shocks you!
* * * LOW HITPOINT WARNING * * *
The quasit completely misses you. x3; The sixfirhy completely misses you.
The kobold demonologist mumbles some strange words.
You see here a bullfrog corpse.
Casting: Blade Hands (dangerous; 2% risk of failure)
Confirm with . or Enter, or press ? or * to list all spells.
Your hands turn into razor-sharp scythe blades.
The sixfirhy hits you.
* * * LOW HITPOINT WARNING * * *
The sixfirhy shocks you!
* * * LOW HITPOINT WARNING * * *
The sixfirhy hits you!
You die...

#..3...# #.#....#....
#......# #.'....#....
........# #.#....#....
######..#########.######....
#......................
#......................
#......................
####.....3................
.........K.@5...............
.....^.3#####.#######.......
.....ยง..# #.# #.......
........# #.# #..#####
......F.# #.# #.. ........#
#.# #.. .......# #.# #. #.#
##### #.. .....


You could see a soul eater (summoned), a kobold demonologist, a sixfirhy
(summoned) and a quasit (summoned).

Vanquished Creatures
  A rakshasa (D:11)
  3 two-headed ogres
  An unseen horror (D:11)
  A deep elf mage (D:11)
  A cyclops (D:13)
  4 centaur zombies
  2 kobold demonologists (D:11)
  3 trolls
  2 hornets (D:12)
  2 hippogriffs
  A wyvern (D:8)
  2 wraiths (D:11)
  A basilisk (D:11)
  4 vampire mosquitoes (D:13)
  Menkaure (D:6)
  An acid dragon (D:12)
  2 black bears
  8 orc warriors
  3 sky beasts
  2 ice beasts
  An eye of draining (D:12)
  3 phantoms
  4 ogres
  2 necrophages
  3 centaurs
  A crocodile (D:9)
  11 bullfrogs
  An elf zombie (D:11)
  A gnoll sergeant (D:6)
  A wyvern zombie (D:11)
  A wyvern skeleton (D:9)
  9 scorpions
  19 killer bees (D:10)
  13 wights
  An electric eel (D:11)
  2 human zombies (D:11)
  2 bullfrog zombies
  5 hounds
  5 jellies
  9 orc priests
  14 orc wizards
  5 bullfrog skeletons
  4 centaur skeletons
  2 iguanas
  Jessica (D:2)
  A human skeleton (D:11)
  6 worker ants
  A hound zombie (D:8)
  2 mummies (D:11)
  8 gnolls
  12 adders
  2 shadow imps
  3 white imps
  A worker ant simulacrum (D:11)
  6 ufetubi
  An ooze (D:1)
  An adder zombie (D:9)
  2 worms
  A dart slug (D:1)
  10 leopard geckos
  59 orcs
  8 bats
  12 giant cockroaches
  9 hobgoblins
  13 jackals
  8 kobolds
  5 quokkas
  8 ball pythons
  11 frilled lizards
  11 goblins
  A quokka skeleton (D:9)
  9 rats
376 creatures vanquished.

Vanquished Creatures (others)
  A rat (D:3)
  5 plants
6 creatures vanquished.

Grand Total: 382 creatures vanquished

Notes
Turn   | Place    | Note
-------+----------+-------------------------------------------
     0 | D:1      | kae the Naga Transmuter began the quest for the Orb.
     0 | D:1      | Reached XP level 1. HP: 18/18 MP: 3/3
   338 | D:1      | Reached XP level 2. HP: 19/25 MP: 3/5
   790 | D:1      | Reached XP level 3. HP: 31/31 MP: 4/6
   799 | D:1      | Learned a level 3 spell: Spider Form
   886 | D:1      | Found a hide-covered altar of Uskayaw.
  1642 | D:2      | Noticed Jessica
  1654 | D:2      | Killed Jessica
  1654 | D:2      | Reached XP level 4. HP: 5/38 MP: 7/7
  3423 | D:2      | Found a stormy altar of Qazlal.
  3544 | D:2      | Reached XP level 5. HP: 44/44 MP: 6/8
  4098 | D:3      | Found a runed translucent gate.
  4098 | D:3      | Found a runed translucent gate.
  4098 | D:3      | Found a runed translucent gate.
  4098 | D:3      | Noticed Bliebski's ghost (amateur OpTm)
  4720 | D:4      | Reached skill level 5 in Unarmed Combat
  4720 | D:4      | Reached XP level 6. HP: 46/51 MP: 7/9
  5519 | D:4      | You fall into a shaft and drop 2 floors!
  5529 | D:6      | Reached skill level 5 in Transmutations
  5587 | D:6      | Found a glowing drain.
  5637 | Sewer    | Entered a sewer
  6006 | Sewer    | Reached XP level 7. HP: 56/57 MP: 6/10
  6414 | D:5      | Entered Level 5 of the Dungeon
  6434 | D:6      | Noticed Menkaure
  6966 | D:6      | Reached XP level 8. HP: 53/64 MP: 8/11
  7134 | D:6      | Killed Menkaure
  7499 | D:6      | Found Vibet's Antique Armour Shop.
  7683 | D:6      | Found an iron altar of Okawaru.
  9054 | D:4      | Reached XP level 9. HP: 45/70 MP: 10/12
  9550 | D:4      | Found a stormy altar of Qazlal.
 10316 | D:5      | Found a basalt altar of Yredelemnul.
 10325 | D:5      | Found a glowing golden altar of the Shining One.
 10764 | D:5      | Found an ancient bone altar of Kikubaaqudgha.
 10815 | D:5      | Noticed an angel
 10898 | D:6      | Learned a level 5 spell: Blade Hands
 11566 | D:7      | Found Biyc's Magic Scroll Shoppe.
 11569 | D:7      | Bought a scroll of identify for 24 gold pieces
 11569 | D:7      | Bought a scroll of identify for 24 gold pieces
 11593 | D:7      | Found a staircase to the Ecumenical Temple.
 11779 | Temple   | Entered the Ecumenical Temple
 11880 | Temple   | Became a worshipper of Cheibriados the Contemplative
 12043 | D:8      | Reached skill level 1 in Invocations
 12209 | D:8      | Found a sparkling altar of Nemelex Xobeh.
 12209 | D:8      | Noticed a two-headed ogre
 12214 | D:8      | Killed a two-headed ogre
 12214 | D:8      | Reached skill level 10 in Unarmed Combat
 12214 | D:8      | Reached XP level 10. HP: 43/78 MP: 13/13
 12380 | D:8      | Found Noah's Distillery.
 12382 | D:8      | Found Qixuz's Assorted Antiques.
 12384 | D:8      | Bought a potion of lignification for 30 gold pieces
 12384 | D:8      | Bought a potion of degeneration for 10 gold pieces
 12387 | D:8      | Bought a scroll labeled DAH PEIMUE for 25 gold pieces
 12392 | D:8      | Bought 2 scrolls of identify for 100 gold pieces
 12447 | D:8      | Found Pisay's Book Boutique.
 12517 | D:8      | Reached skill level 10 in Transmutations
 12524 | D:8      | Found Cish's Magic Scroll Shop.
 12657 | D:8      | Found a staircase to the Lair.
 12719 | D:8      | Found an ornate altar of the Wu Jian Council.
 12734 | D:8      | Found a sacrificial altar of Ru.
 12928 | D:8      | Noticed a two-headed ogre
 12936 | D:8      | Killed a two-headed ogre
 12936 | D:8      | Reached skill level 5 in Invocations
 12953 | D:8      | Reached * piety under Cheibriados
 12967 | D:8      | HP: 4/127 [ufetubus (3)]
 13414 | D:8      | Found Heozol's Assorted Antiques.
 13530 | D:8      | Found a shimmering blue altar of Sif Muna.
 13803 | D:9      | Reached skill level 5 in Fighting
 14113 | D:9      | Reached ** piety under Cheibriados
 14563 | D:9      | Noticed a two-headed ogre
 14568 | D:9      | Killed a two-headed ogre
 14667 | D:9      | Found a glowing silver altar of Zin.
 14667 | D:9      | Noticed an angel
 14696 | D:9      | Found a shimmering altar of Xom.
 14763 | D:9      | Found a broken altar of Ashenzari.
 15187 | D:10     | Entered Level 10 of the Dungeon
 15200 | D:10     | Reached *** piety under Cheibriados
 15201 | D:10     | Reached XP level 11. HP: 94/103 MP: 14/14
 15455 | D:10     | Reached skill level 1 in Armour
 15465 | D:10     | Reached **** piety under Cheibriados
 16661 | D:10     | Identified a scroll of acquirement
 16661 | D:10     | Acquired the ring of Foolhardiness {rF+ rN+ MR++ Dex+3}
 17107 | D:11     | Found Ihoig's Weapon Emporium.
 18080 | D:11     | Learned a level 4 spell: Ice Form
 18085 | D:11     | Noticed an unseen horror
 18099 | D:11     | Killed an unseen horror
 18099 | D:11     | Reached ***** piety under Cheibriados
 18238 | D:11     | Found a staircase to the Orcish Mines.
 18463 | D:11     | Noticed a deep elf mage
 18464 | D:11     | Noticed a rakshasa
 18469 | D:11     | Killed a deep elf mage
 18478 | D:11     | HP: 5/103 [rakshasa (illusionary)/+0 trident (6)]
 19223 | D:11     | Identified the +1 robe of the Snake Pit {MR- Regen+ Int+2}
 19245 | D:11     | Killed a rakshasa
 19245 | D:11     | Reached skill level 5 in Spellcasting
 20062 | D:11     | Noticed a stone giant
 20174 | D:11     | Reached XP level 12. HP: 110/110 MP: 14/20
 20316 | D:11     | Found a basalt altar of Yredelemnul.
 20473 | D:11     | You fall into a shaft and drop 2 floors!
 20481 | D:13     | Reached skill level 5 in Dodging
 20624 | D:13     | Found a burning altar of Makhleb.
 20867 | D:13     | Reached skill level 5 in Armour
 21367 | D:12     | Paralysed by a hornet for 2 turns
 22143 | D:12     | Noticed a soul eater
 22143 | D:12     | HP: 5/110 [sixfirhy[a kobold demonologist] (9)]
 22143 | D:12     | Mangled by a sixfirhy

Illustrated notes

Levels and vault maps discovered:
D:1:      tarquinn_simple_flora_water_c, layout_basic, st_stairs_14,
          minmay_hexomino_r4
D:2:      layout_loops_ring, kennysheep_flooded_box, guppyfry_early_lair_pool,
          uniq_jessica
D:3:      layout_rooms, ebering_ghost_rock_garden
D:4:      minmay_spotlight, layout_basic, lemuel_round_altar
D:5:      layout_rooms, grunt_temple_overflow_holy_war, serial_glass,
          glass_columns_a, glass_columns_a, glass_columns_b, glass_columns_b,
          glass_columns_a, glass_columns_a, glass_columns_a, glass_columns_a,
          glass_columns_b, glass_columns_b, tgw_kikubaaqudgha
D:6:      layout_basic, old_standard_altar, cheibrodos_sewer_entry_bend,
          serial_shops, nicolae_shop_waterfront, uniq_menkaure
D:7:      layout_basic, temple_hall, serial_shops, kennysheep_mini_moat
D:8:      layout_basic, nicolae_overflow_quartered_altars, lair_entry_dummy,
          serial_shops, nicolae_shop_temple_entry_statues_fountains, shop,
          shop_coins, shop, shop
D:9:      layout_basic, grunt_temple_overflow_order_and_chaos_1,
          lemuel_round_altar
D:10:     layout_rooms
D:11:     minmay_sliced_demisemicircle, layout_layer_cave, orc_0_dummy,
          serial_shops, shop, chequers_big_river, hangedman_weighted_door,
          lemuel_mausoleum_altar_yredelemnul
D:12:     layout_irregular_city
D:13:     layout_rooms, basic_altar
Temple:   pf_slimified_temple

Skill      XL: |  1  2  3  4  5  6  7  8  9 10 11 12 |
---------------+-------------------------------------+-----
Transmutations | 3 4 5 6 8 9 10 | 10.0
Unarmed Combat | 4 5 6 8 10 | 10.0
Invocations    | 3 5 |  5.0
Fighting       | 7 8 |  8.0
Dodging        | 4 5 |  5.7
Armour         | 4 5 |  5.3
Spellcasting   | 5 6 |  6.3

Action                   |  1- 3 |  4- 6 |  7- 9 | 10-12 || total
-------------------------+-------+-------+-------+-------++-------
Melee: Spear             |    85 |   267 |    47 |    15 ||   414
       Headbutt          |     6 |    25 |     1 |     1 ||    33
       Unarmed           |     1 |    20 |   223 |   381 ||   625
       Punch             |     1 |     1 |     6 |    18 ||    26
 Cast: Beastly Appendage |    19 |    42 |     4 |     1 ||    66
       Spider Form       |       |     5 |    36 |     2 ||    43
       Blade Hands       |       |       |     1 |    74 ||    75
Invok: Temporal Distorti |       |       |       |     1 ||     1
 Abil: Spit Poison       |       |    27 |     1 |     9 ||    37
Evoke: Wand              |       |       |       |     1 ||     1
  Use: Scroll            |     8 |     6 |     2 |    10 ||    26
       Potion            |     2 |     3 |     4 |     5 ||    14
 Stab: Sleeping          |       |     1 |     1 |     3 ||     5
       Invisible         |       |     1 |       |       ||     1
Armor: Robe              |    10 |    86 |    13 |    93 ||   202
       Skin              |       |     4 |     5 |    58 ||    67
Dodge: Dodged            |    35 |   209 |   219 |   357 ||   820

Table legend: (Time is in decaauts)
 A = Elapsed time spent in this place.
 B = Non-inter-level travel time spent in this place.
 C = Inter-level travel time spent in this place.
 D = Time resting spent in this place.
 E = Time spent auto-exploring this place.
 F = Levels seen in this place.
 G = Mean time per level.
                   A        B        C        D        E       F      G
               +--------+--------+--------+--------+--------+-----+--------+
         Total |  27852 |  27203 |    649 |   5097 |  18869 |  15 | 1856.8 |
       Dungeon |  26690 |  26070 |    620 |   4897 |  18172 |  13 | 2053.1 |
        Temple |    148 |    119 |     29 |      0 |    117 |   1 |  148.0 |
         Sewer |   1013 |   1013 |      0 |    200 |    578 |   1 | 1013.0 |
               +--------+--------+--------+--------+--------+-----+--------+

Top non-repeatable levels by time:
    D:11: 5181 daAuts
     D:6: 2987 daAuts
     D:2: 2398 daAuts
     D:9: 2362 daAuts
     D:8: 2204 daAuts
     D:4: 1962 daAuts
     D:1: 1907 daAuts
    D:10: 1859 daAuts
    D:12: 1762 daAuts
     D:5: 1333 daAuts
     D:7: 1100 daAuts
     D:3: 1086 daAuts
   Sewer: 1013 daAuts
    D:13: 544 daAuts
  Temple: 148 daAuts
